 Dungeon Crawl Stone Soup version 0.28.0-45-g0d030f2227 (webtiles) character file.

Game seed: 5923187930593609129

88 zeratav the Caller (level 4, 0/24 HPs)
             Began as a Tengu Summoner on Apr 13, 2022.
             Slain by Natasha (4 damage)
             ... on level 3 of the Dungeon.
             The game lasted 00:06:47 (3459 turns).

zeratav the Caller (Tengu Summoner)                 Turns: 3459, Time: 00:06:47

Health: 0/24       AC:  2    Str:  9    XL:     4   Next: 53%
Magic:  2/9        EV: 12    Int: 17    God:
Gold:   65         SH:  0    Dex: 14    Spells: 4/8 levels left

rFire   . . .      SeeInvis +   c - +0 spear {polearm}
rCold   . . .      Faith    .   (no shield)
rNeg    . . .      Spirit   .   a - +0 robe
rPois   .          Reflect  .   (helmet restricted)
rElec   .          Harm     .   (no cloak)
rCorr   .          Rampage  .   (no gloves)
Will    .....                   (boots unavailable)
Stlth   ++........              (no amulet)
HPRegen 0.08/turn               b - ring of see invisible
MPRegen 0.11/turn               (no ring)

@: no status effects
A: beak, talons 3
a: no special abilities


You were on level 3 of the Dungeon.
You visited 1 branch of the dungeon, and saw 3 of its levels.

You collected 65 gold pieces.


Innate Abilities, Weirdness & Mutations

You have a beak for a mouth.
You have claws for feet.


   Skills:
 + Level 1.8 Polearms
 - Level 2.1 Dodging
 - Level 2.0 Stealth
 + Level 2.7 Spellcasting
 * Level 6.1 Summonings


You had 4 spell levels left.
You knew the following spells:

 Your Spells              Type           Power      Damage    Failure   Level
a - Summon Small Mammal   Summ           92%        N/A       1%          1
b - Call Canine Familiar  Summ           23%        N/A       4%          3

Your spell library contained the following spells:

 Spells                   Type           Power      Damage    Failure   Level
 Call Imp                 Summ           23%        N/A       2%          2
 Summon Guardian Golem    Hex/Summ       12%        N/A       16%         3
 Sandblast                Erth           4%         2d4       19%         1
 Passwall                 Tmut/Erth      1%         N/A       26%         2
 Summon Lightning Spire   Summ/Air       12%        N/A       45%         4
 Stone Arrow              Conj/Erth      4%         3d7       47%         3
 Borgnjor's Revivificati  Necr           1%         N/A       100%        8
 Necromutation            Tmut/Necr      1%         N/A       100%        8
 Death's Door             Necr           1%         N/A       100%        9

Inventory:

Hand Weapons
 c - a +0 spear (weapon) {polearm}
   (You found it on level 1 of the Dungeon)
Armour
 a - a +0 robe (worn)
Jewellery
 b - a ring of see invisible (left hand)
   (You found it on level 1 of the Dungeon)
Wands
 j - a wand of flame (17)
   (You took it off a goblin on level 3 of the Dungeon)
Scrolls
 e - 2 scrolls of enchant weapon {unknown}
 g - 2 scrolls of identify {unknown}
 h - a scroll of noise {unknown}
 k - a scroll of magic mapping {unknown}
Potions
 d - 2 potions of curing {unknown}
 f - a potion of flight {unknown}
 i - a potion of resistance {unknown}

Dungeon Overview and Level Annotations

Branches:
Dungeon (3/15)

Altars:

Annotations:
D:3 Natasha

..####..........##.......
............#.....รท......
........).......).)...>..
......................>..
.......)5.....###........
.....#..<................
.....#.hb5.........##....
.........hr....####.###...
.....#...@.....# #.. ...
.... #.........# ###
#.........# ............#
#..........##.#
#..........# #
#..........# #..........#


You could see Natasha (ally target), 2 crimson imps, a friendly hound
(summoned), a friendly quokka (summoned) and a friendly bat (summoned).


Message History

Casting: Summon Small Mammal (safe; 1% risk of failure)
Confirm with . or Enter, or press ? or * to list all spells.
The spell is quite dangerous to miscast (4% risk of failure)!
Continue anyway? [Y]es or [N]o only, please.
The spell is quite dangerous to miscast (4% risk of failure)!
Continue anyway?
Okay, then.
What are your orders? t - Shout!
Orders for allies: a - Attack new target. r - Retreat! s - Stop attacking. g - Guard the area. f - Follow me.
Anything else - Cancel.
Gang up on whom?
Press: ? - help, Dir - move target, f - Natasha
Aim: Natasha Attack!
Natasha wildly gestures.
Natasha shimmers violently.
The teleport trap disappears.
Natasha disappears!
MP[+1]
You start resting.
Your hound disappears in a puff of smoke!
Natasha is nearby!
MP[+1]
What are your orders? t - Shout!
Orders for allies: a - Attack new target. p - Attack previous target. r - Retreat! s - Stop attacking. g - Guard the area. f - Follow me.
Anything else - Cancel.
Gang up on whom?
Press: ? - help, Dir - move target, f/p - Natasha
Aim: Natasha Attack!
Casting: Call Canine Familiar (quite dangerous; 4% risk of failure)
Confirm with . or Enter, or press ? or * to list all spells.
The spell is quite dangerous to miscast (4% risk of failure)!
Continue anyway?
Your quokka disappears in a puff of smoke!
Natasha mumbles some strange words.
MP[-3]
You lost 3 mp, and now have 3/9 mp.
What are your orders? t - Shout!
Orders for allies: a - Attack new target. p - Attack previous target. r - Retreat! s - Stop attacking. g - Guard the area. f - Follow me.
Anything else - Cancel.
Gang up on whom?
Press: ? - help, Dir - move target, f/p - Natasha
Aim: Natasha (ally target) Attack!
The crimson imp blinks!
Your rat disappears in a puff of smoke!
Your hound bites Natasha.
Your hound barely misses Natasha.
Natasha mumbles some strange words.
Casting: Call Canine Familiar (quite dangerous; 4% risk of failure)
Confirm with . or Enter, or press ? or * to list all spells.
Okay, then.
Casting: Call Canine Familiar (quite dangerous; 4% risk of failure)
Confirm with . or Enter, or press ? or * to list all spells.
Your hound bites Natasha but does no damage.
The crimson imp hits you.
HP[-3] MP[-1]
You take 3 damage, and now have 21/24 hp.
You lost 1 mp, and now have 2/9 mp.
Casting: Summon Small Mammal (safe; 1% risk of failure)
Confirm with . or Enter, or press ? or * to list all spells.
Natasha claws you!
Your hound completely misses Natasha.
The crimson imp closely misses you.
HP[-7]
You take 7 damage, and now have 14/24 hp.
MASSIVE DAMAGE!! (PAUSE)
What are your orders? t - Shout!
Orders for allies: a - Attack new target. p - Attack previous target. r - Retreat! s - Stop attacking. g - Guard the area. f - Follow me.
Anything else - Cancel.
Gang up on whom?
Press: ? - help, Dir - move target, f/p - Natasha
Aim: Natasha (lightly wounded, ally target) Attack!
Your hound barely misses Natasha.
Natasha claws you!
* * * LOW HITPOINT WARNING * * *
Your bat hits Natasha but does no damage.
Your hound bites Natasha.
Your quokka bites Natasha but does no damage.
The crimson imp hits you.
* * * LOW HITPOINT WARNING * * *
HP[-10]
You take 10 damage, and now have 4/24 hp.
MASSIVE DAMAGE!! (PAUSE) Unknown command.
Unknown command.
Unknown command.
Unknown command.
Your bat barely misses Natasha. x2
Your quokka bites Natasha but does no damage.
Natasha claws you.
You die...

Skill      XL: |  1  2  3  4 |
---------------+-------------+-----
Summonings     | 5 6 |  6.1
Polearms       | 1 |  1.8
Dodging        | |  2.1
Stealth        | |  2.0
Spellcasting   | |  2.7

Action                   |  1- 3 |  4- 6 || total
-------------------------+-------+-------++-------
Melee: Spear             |    31 |    11 ||    42
       Kick              |     6 |     2 ||     8
       Peck              |       |     1 ||     1
 Cast: Summon Small Mamm |    89 |     4 ||    93
       Call Canine Famil |     4 |     3 ||     7
Armor: Robe              |    15 |       ||    15
Dodge: Dodged            |    37 |     6 ||    43

Levels and vault maps discovered:
D:1:      lightli_arrival_boilingwater, layout_loops_ring,
          shapermc_ecumenical_altar_ellora, hangedman_feature_mirror
D:2:      layout_loops_corners, kennysheep_generic_room_2
D:3:      layout_rooms, mainiacjoe_overflow_six_doors_small, uniq_natasha

Notes
Turn   | Place    | Note
-------+----------+-------------------------------------------
     0 | D:1      | zeratav the Tengu Summoner began the quest for the Orb.
     0 | D:1      | Reached XP level 1. HP: 10/10 MP: 4/4
     0 | D:1      | magus.rc [v1.9.6]
   250 | D:1      | Reached skill level 5 in Summonings
   344 | D:1      | Reached XP level 2. HP: 6/15 MP: 1/6
   793 | D:1      | Reached XP level 3. HP: 19/19 MP: 5/7
   820 | D:1      | Found a faded altar of an unknown god.
   836 | D:1      | Reached skill level 1 in Polearms
  2709 | D:2      | You pick up a book of Geomancy and begin reading...
  2709 | D:2      | You add the spells Sandblast, Passwall and Stone Arrow to
                  | your library.
  2894 | D:3      | Learned a level 3 spell: Call Canine Familiar
  3155 | D:3      | Reached XP level 4. HP: 21/24 MP: 3/8
  3169 | D:3      | HP: 5/24 [orc/+0 short sword (5)]
  3421 | D:3      | Noticed Natasha
  3431 | D:3      | Killed Natasha
  3432 | D:3      | Reached skill level 6 in Summonings
  3432 | D:3      | You add the spells Borgnjor's Revivification, Necromutation
                  | and Death's Door to your library.
  3435 | D:3      | Noticed Natasha
  3458 | D:3      | HP: 5/24 [Natasha (9)]
  3459 | D:3      | Slain by Natasha

Vanquished Creatures
  2 orcs (D:3)
  A goblin (D:1)
  3 hobgoblins
  2 kobolds
  A frilled lizard (D:3)
  2 rats
11 creatures vanquished.

Vanquished Creatures (collateral kills)
  Natasha (D:3)
  A gnoll (D:1)
  A dart slug (D:1)
  An orc (D:3)
  2 bats
  2 endoplasms (D:1)
  9 goblins
  A hobgoblin (D:1)
  2 jackals (D:2)
  2 quokkas
  5 ball pythons
  2 kobolds
  4 rats
33 creatures vanquished.

Grand Total: 44 creatures vanquished

Table legend:
 A = Non-vault XP
 B = Vault XP
 C = Vault XP percentage of total XP
 D = Non-vault monster count
 E = Vault monster count
 F = Vault count percentage of total count
                 A         B        C        D         E       F
            +---------+---------+-------+---------+---------+-------
      Total |      85 |      41 |  32.5 |      40 |       4 |   9.1
            +---------+---------+-------+---------+---------+-------
        D:1 |      45 |       3 |   6.2 |      18 |       2 |  10.0
        D:2 |      20 |       2 |   9.1 |      12 |       1 |   7.7
        D:3 |      20 |      36 |  64.3 |      10 |       1 |   9.1
            +---------+---------+-------+---------+---------+-------

Illustrated notes

Table legend:
 A = Kills in this place as a percentage of kills in entire the game.
 B = Kills by you in this place as a percentage of kills by you in the entire game.
 C = Kills by friends in this place as a percentage of kills by friends in the entire game.
 D = Other kills in this place as a percentage of other kills in the entire game.
 E = Experience gained in this place as a percentage of experience gained in the entire game.
 F = Experience gained in this place divided by the number of levels of this place that you have seen.
                   A       B       C       D       E      F
               +-------+-------+-------+-------+-------+----------------------
         Total | 100.0 | 100.0 | 100.0 |   N/A | 100.0 |  42.0
       Dungeon | 100.0 | 100.0 | 100.0 |   N/A | 100.0 |  42.0
               +-------+-------+-------+-------+-------+----------------------

Table legend: (Time is in decaauts)
 A = Elapsed time spent in this place.
 B = Non-inter-level travel time spent in this place.
 C = Inter-level travel time spent in this place.
 D = Time resting spent in this place.
 E = Time spent auto-exploring this place.
 F = Levels seen in this place.
 G = Mean time per level.
                   A        B        C        D        E       F      G
               +--------+--------+--------+--------+--------+-----+--------+
         Total |   3467 |   3419 |     48 |    736 |   2147 |   3 | 1155.7 |
       Dungeon |   3467 |   3419 |     48 |    736 |   2147 |   3 | 1155.7 |
               +--------+--------+--------+--------+--------+-----+--------+

Top non-repeatable levels by time:
     D:1: 1724 daAuts
     D:2: 1170 daAuts
     D:3: 573 daAuts
